 Dungeon Crawl Stone Soup version 0.19.1-1-g22dce08 (webtiles) character file.

3804 theAP the Basher (level 10, -4/66 HPs)
             Began as a Gargoyle Fighter on Jan 3, 2017.
             Was an Initiate of Ashenzari.
             Killed from afar by Erica (34 damage)
             ... with an orb of energy
             ... on level 8 of the Dungeon.
             The game lasted 00:29:15 (6783 turns).

theAP the Basher (Gargoyle Fighter)                 Turns: 6783, Time: 00:29:15

Health: -4/66      AC: 22    Str: 24    XL:     10   Next: 17%
Magic:  10/10      EV:  4    Int:  8    God:    Ashenzari [......]
Gold:   325        SH:  9    Dex:  9    Spells: 0 memorised, 9 levels left

rFire  x . .     SeeInvis .     b - +1 whip (freeze)
rCold  + . .     Gourm    .     i - +2 plate armour (curse)
rNeg   + . .     Faith    +     c - +0 shield (curse)
rPois  ∞         Spirit   .     (helmet restricted)
rElec  +         Reflect  .     C - +0 cloak (curse)
rCorr  .         Harm     .     (no gloves)
MR     .....                    (no boots)
Stlth  ..........               p - amulet of faith (curse)
                                x - ring of poison resistance
                                g - ring of ice (curse)

@: no status effects
A: horns 1, negative energy resistance 1, shaggy fur 1, electricity resistance,
unbreathing, petrification resistance, rot immunity, AC +7
a: Curse Item, Renounce Religion


You were on level 8 of the Dungeon.
You worshipped Ashenzari.
Ashenzari was noncommittal.
You were not hungry.

You visited 2 branches of the dungeon, and saw 9 of its levels.
You also visited: Sewer and Ossuary.

You collected 325 gold pieces.

Inventory:

Hand Weapons
 a - a +0 flail
 b - a +1 whip of freezing (weapon)
 l - a +2 mace of protection
Armour
 c - a cursed +0 shield (worn)
 i - a cursed +2 plate armour (worn)
 C - a cursed +0 cloak (worn)
Jewellery
 g - a cursed ring of ice (left hand)
 p - a cursed amulet of faith (around neck)
 q - an uncursed amulet of the gourmand
 x - a ring of poison resistance (right hand)
Wands
 B - a wand of acid (7/15)
 E - a wand of digging (16/24)
Scrolls
 e - 4 scrolls of random uselessness
 h - 4 scrolls of remove curse
 n - 2 scrolls of identify
 r - a scroll of blinking
 v - 2 scrolls of recharging
 y - 2 scrolls of teleportation
 z - a scroll of magic mapping
 D - a scroll of amnesia
Potions
 d - a potion of invisibility
 f - a potion of might
 k - 6 potions of curing
 m - 3 potions of brilliance
 o - a potion of ambrosia
 s - a potion of cancellation
 w - 2 potions of magic {unknown}
Books
 u - a book of Cantrips

   Spells                             Type                      Level
   a - Confusing Touch                Hexes                        1
   b - Animate Skeleton               Necromancy                   1
   c - Summon Small Mammal            Summoning                    1
   d - Apportation                    Translocation                1
Comestibles
 j - 5 meat rations
 t - 3 bread rations
 A - 5 fruits


   Skills:
 + Level 9.5 Fighting
 * Level 11.6 Maces & Flails
 - Level 3.4 Armour
 - Level 0.1 Dodging
 - Level 3.4 Shields


You had 9 spell levels left.
You didn't know any spells.

Dungeon Overview and Level Annotations

Branches:
Dungeon (8/15)             Temple (1/1) D:7
   Lair: D:8-11

Altars:
Ashenzari
Cheibriados
Dithmenos
Elyvilon
Fedhas
Gozag
Hepliaklqana
Kikubaaqudgha
Makhleb
Nemelex Xobeh
Okawaru
Ru
Sif Muna
Trog
Uskayaw
Vehumet
Xom
Yredelemnul
Zin
The Shining One

Annotations:
D:8 5 runed doors, Erica, Gastronok


Innate Abilities, Weirdness & Mutations

You are resistant to torment.
Your stone body is resilient. (AC +7)
You are immune to poison.
You resist negative energy. (rN+)
You are resistant to electric shocks. (rElec)
You can survive without breathing.
You are immune to petrification.
You are immune to rotting.
You have a pair of small horns on your head.
You are covered in fur. (AC +1)


Message History

Your plate armour prevents you from hitting something.
You miss something. Something hits you but does no damage.
You hit something. You freeze something. You headbutt something!
You closely miss something. Something hits you. Something burns you.
Your plate armour prevents you from hitting something.
You headbutt something.
Gastronok waves his eye-stalks in wide circles.
The air twists around and strikes you!
You hit something but do no damage.
You hear a zap.
You hit something. You freeze something. You hit something.
You freeze something. You headbutt something. You block something's attack.
You closely miss something. You miss something. Your headbutt misses something.
You hear some strange, mumbled words.
An orb of energy appears from out of thin air!
The orb of energy hits you!
Ouch! That really hurt!
You die...

..#....>p.#####.#.###
#......p.....p....##.
#.............#.#..#.
#..####.p#........... ..#
#...!.###.###.. ##.#
##[p###a#.#.###
##.###..#####.##)aa#.#...#
#..(...w{.)...#aa.a+++..aa
#..###(##@###.#.a..#[#..SS
#(##.# #.#....#!#..SS
#....# #.#...#####.Sa
####.# #.##+##.. ##+#
#.###..##.... ##
######.......##...y ##.
...............##.yy##..
######..........#.yy#..#
.........######.##.##..#


You could see Gastronok, a soldier ant and a worker ant.

Vanquished Creatures
  Pikel (D:8)
  The ghost of shugdite the Covered, an amateur MiMo (D:3)
  A black bear (D:6)
  An ice beast (D:7)
  2 orc warriors
  3 ogres
  A necrophage (D:7)
  2 centaurs
  7 big kobolds (Sewer)
  An elf zombie (D:4)
  3 bullfrogs
  4 elf skeletons (D:4)
  A wyvern skeleton (D:7)
  A scorpion (D:7)
  4 crimson imps
  A quasit (D:5)
  2 orc priests
  3 hounds
  A jelly (D:5)
  2 orc wizards
  Crazy Yiuf (D:7)
  A bullfrog skeleton (D:6)
  5 human zombies
  A centaur skeleton (D:7)
  A human skeleton (D:4)
  6 iguanas
  2 worker ants
  A killer bee zombie (D:5)
  A big kobold zombie (Ossuary)
  4 mummies (Ossuary)
  9 adders
  2 river rats (Sewer)
  A howler monkey skeleton (D:8)
  A shadow imp (D:5)
  8 oozes
  5 worms
  3 dart slugs (D:1)
  9 leopard geckos
  12 orcs
  6 bats
  5 giant cockroaches
  A gnoll zombie (Ossuary)
  10 hobgoblins
  8 jackals
  8 kobolds
  3 quokkas
  6 ball pythons
  8 frilled lizards
  7 goblins
  2 goblin zombies (Ossuary)
  2 hobgoblin zombies (Ossuary)
  A jackal skeleton (D:4)
  2 orc zombies (D:4)
  A quokka skeleton (D:7)
  10 rats
195 creatures vanquished.

Vanquished Creatures (others)
  A slave (D:8)
  A jackal (D:1)
  A ball python (D:1)
3 creatures vanquished.

Grand Total: 198 creatures vanquished

Notes
Turn   | Place    | Note
-------+----------+-------------------------------------------
     0 | D:1      | theAP the Gargoyle Fighter began the quest for the Orb.
     0 | D:1      | Reached XP level 1. HP: 14/14 MP: 1/1
     6 | D:1      | Noticed an iguana
     6 | D:1      | Noticed a lindwurm
     7 | D:1      | Noticed a rime drake
     7 | D:1      | Noticed a black bear
    34 | D:1      | Reached XP level 2. HP: 10/19 MP: 2/2
   269 | D:1      | Reached XP level 3. HP: 23/23 MP: 3/3
   501 | D:1      | Reached skill level 3 in Maces & Flails
   801 | D:2      | Reached XP level 4. HP: 29/29 MP: 4/4
   894 | D:2      | You fall through a shaft for 2 floors!
   899 | D:4      | Noticed an ogre
   915 | D:4      | Killed an ogre
   915 | D:4      | Reached skill level 4 in Maces & Flails
   915 | D:4      | Reached XP level 5. HP: 7/34 MP: 5/5
   997 | D:4      | Reached XP level 6. HP: 16/40 MP: 6/6
  1020 | D:4      | Reached skill level 5 in Fighting
  1020 | D:4      | Reached skill level 5 in Maces & Flails
  1165 | D:4      | Reached skill level 6 in Maces & Flails
  1165 | D:4      | Reached XP level 7. HP: 27/44 MP: 7/7
  1202 | D:4      | Found a sand-covered staircase.
  1258 | Ossuary  | Entered an ossuary
  1536 | Ossuary  | Gained mutation: You are covered in fur. (AC +1) [potion of mutation]
  1536 | Ossuary  | Gained mutation: You occasionally shout uncontrollably at your foes. [potion of mutation]
  1536 | Ossuary  | Lost mutation: You occasionally shout uncontrollably at your foes. [potion of mutation]
  1658 | D:4      | Found a sparkling altar of Nemelex Xobeh.
  1659 | D:4      | Found a glowing golden altar of the Shining One.
  1659 | D:4      | Found a snail-covered altar of Cheibriados.
  1666 | D:4      | Reached skill level 7 in Maces & Flails
  1669 | D:4      | Found a shadowy altar of Dithmenos.
  1669 | D:4      | Found a hazy altar of Hepliaklqana.
  2207 | D:5      | Entered Level 5 of the Dungeon
  2396 | D:5      | Reached XP level 8. HP: 51/51 MP: 8/8
  2676 | D:5      | Reached skill level 8 in Maces & Flails
  2768 | D:5      | Found a glowing drain.
  2777 | Sewer    | Entered a sewer
  3273 | Sewer    | Reached skill level 9 in Maces & Flails
  3450 | Sewer    | Reached XP level 9. HP: 58/58 MP: 9/9
  4265 | D:3      | Noticed shugdite's ghost (amateur MiMo)
  4314 | D:3      | Killed shugdite's ghost
  4391 | D:3      | Gained mutation: You have a pair of small horns on your head. [potion of beneficial mutation]
  4744 | D:2      | Found a glowing silver altar of Zin.
  4744 | D:2      | Found an opulent altar of Gozag.
  4896 | D:6      | Reached skill level 10 in Maces & Flails
  5720 | D:7      | Reached skill level 11 in Maces & Flails
  5952 | D:7      | Found a shimmering altar of Xom.
  5991 | D:7      | Found a staircase to the Ecumenical Temple.
  6008 | Temple   | Entered the Ecumenical Temple
  6217 | Temple   | Became a worshipper of Ashenzari the Shackled
  6317 | D:7      | Reached XP level 10. HP: 66/66 MP: 10/10
  6417 | D:7      | Found a runed door.
  6423 | D:7      | Noticed Crazy Yiuf
  6427 | D:7      | Killed Crazy Yiuf
  6593 | D:8      | Found a runed gate.
  6597 | D:8      | Found a runed gate.
  6597 | D:8      | Found a runed gate.
  6603 | D:8      | Noticed Pikel
  6621 | D:8      | Killed Pikel
  6622 | D:8      | Found a runed door.
  6665 | D:8      | Found a faded altar of an unknown god.
  6665 | D:8      | Found a hide-covered altar of Uskayaw.
  6670 | D:8      | Found a faded altar of an unknown god.
  6672 | D:8      | Found a deep blue altar of Sif Muna.
  6674 | D:8      | Found a faded altar of an unknown god.
  6698 | D:8      | Found a runed door.
  6731 | D:8      | Found a white marble altar of Elyvilon.
  6755 | D:8      | Noticed Gastronok
  6783 | D:8      | Killed from afar by Erica

Skill      XL: |  1  2  3  4  5  6  7  8  9 |
---------------+----------------------------+-----
Maces & Flails | 3 4 6 7 9 11 | 11.6
Fighting       | 4 5 6 7 9 |  9.5
Armour         | |  3.4
Dodging        | |  0.1
Shields        | |  3.4

Action                   |  1- 3 |  4- 6 |  7- 9 | 10-12 || total
-------------------------+-------+-------+-------+-------++-------
Melee: Flail             |   121 |       |       |       ||   121
       Mace              |    44 |   132 |   822 |    30 ||  1028
       Headbutt          |       |       |    35 |    16 ||    51
       Whip              |       |       |       |    23 ||    23
Invok: Curse Item        |       |       |     4 |     1 ||     5
  Use: Scroll            |     4 |     1 |    11 |     1 ||    17
       Potion            |       |     1 |    13 |       ||    14
  Eat: Beef jerky        |       |     1 |       |       ||     1
       Chunk             |       |       |    12 |       ||    12
       Pizza             |       |       |     1 |       ||     1
       Bread ration      |       |       |     1 |       ||     1
       Fruit             |       |       |       |     3 ||     3
Armor: Scale mail        |    50 |       |       |       ||    50
       Plate armour      |    68 |    72 |   511 |    34 ||   685
Dodge: Dodged            |    50 |    24 |   120 |     7 ||   201
Block: Shield            |   115 |    39 |   385 |    22 ||   561
